 Dungeon Crawl Stone Soup version 0.30-a0-802-gb92711bcdf (webtiles) character file.

Game seed: 10086999865310251049

18 cheesebisquit the Chiller (level 2, -2/19 HPs)
             Began as a Merfolk Ice Elementalist on Feb 24, 2023.
             Slain by a hobgoblin
             ... wielding a +0 short sword
              (3 damage)
             ... on level 2 of the Dungeon.
             The game lasted 00:02:21 (1148 turns).

cheesebisquit the Chiller (MfIE)                    Turns: 1148, Time: 00:02:22

Health: -2/19      AC:  2    Str:  8    XL:     2   Next: 66%
Magic:  5/5        EV: 12    Int: 14    God:
Gold:   81         SH:  0    Dex: 14    Spells: 5/6 levels left

rFire   . . .      SeeInvis .    e - +0 whip
rCold   . . .      Faith    .    (no shield)
rNeg    . . .      Spirit   .    a - +0 robe
rPois   .          Reflect  .    (no helmet)
rElec   .          Harm     .    (no cloak)
rCorr   .          Rampage  .    (no gloves)
Will    .....                    (no boots)
Stlth   ++                       (no amulet)
HPRegen 0.23/turn                (no ring)
MPRegen 0.09/turn                (no ring)

@: no status effects
A: (nimble swimmer 2), mertail
a: no special abilities


You were on level 2 of the Dungeon.
You visited 1 branch of the dungeon, and saw 2 of its levels.

You collected 81 gold pieces.

Inventory:

Hand Weapons
 e - a +0 whip (weapon)
Armour
 a - a +0 robe (worn)
Scrolls
 c - a scroll of teleportation {unknown}
 f - a scroll of silence {unknown}
Potions
 d - 2 potions of mutation {unknown}


   Skills:
 - Level 2.6 Dodging
 - Level 2.1 Stealth
 + Level 2.5 Spellcasting
 + Level 4.8 Ice Magic


You had 5 spell levels left.
You knew the following spells:

 Your Spells              Type           Power      Damage    Failure   Level
a - Freeze                Ice            60%        1d7       3%          1

Your spell library contained the following spells:

 Spells                   Type           Power      Damage    Failure   Level
 Frozen Ramparts          Ice            30%        1d5       10%         3
 Ozocubu's Armour         Ice            15%        N/A       10%         3
 Apportation              Tloc           2%         N/A       22%         1
 Necrotise                Necr           4%         1d4       22%         1
 Summon Small Mammal      Summ           4%         N/A       22%         1
 Summon Ice Beast         Ice/Summ       8%         N/A       63%         4


Dungeon Overview and Level Annotations

Branches:
Dungeon (2/15)

Altars:


Innate Abilities, Weirdness & Mutations

((You are very nimble when in or above water. (Stealth+, EV+, Speed+++)))
Your lower body shifts to a powerful aquatic tail in water.


Message History

Done exploring.
Done exploring.
There is an open door here.
There is a stone staircase leading down here.
You climb downwards.
There is a stone staircase leading up here.
Found a club.
A quokka, a frilled lizard and a goblin come into view.
The frilled lizard hisses angrily.
The goblin shouts!
A quokka comes into view.
The quokka moves out of view.
You miscast Freeze.
You are very lightly contaminated with residual magic.
Nothing appears to happen.
The quokka bites you.
A hobgoblin comes into view. It is wielding a +0 short sword.
You freeze the quokka.
The quokka is lightly wounded.
The quokka misses you.
You freeze the quokka.
The quokka is almost dead.
The quokka bites you.
You freeze the quokka.
You kill the quokka!
You freeze the goblin!
You kill the goblin!
You barely miss the quokka. The quokka barely misses you.
You hit the quokka. Your punch misses the quokka.
The quokka is almost dead.
The quokka bites you.
Your magical contamination has completely faded away.
You hit the quokka.
You kill the quokka!
You closely miss the hobgoblin.
The hobgoblin hits you with a +0 short sword!
You barely miss the hobgoblin.
The hobgoblin hits you with a +0 short sword.
* * * LOW HITPOINT WARNING * * *
Magic courses through your body.
The hobgoblin hits you with a +0 short sword.
You die...

#...<.....
#.##......
#.##..##.#
######.##..# #
###......##..#
#...#######...
#.### ##...
##.# ##. #@.#
#g## ..l.
#.#.#.
#....... ##
)#. ## .. . .#
#.


You could see a hobgoblin and a frilled lizard.

Vanquished Creatures
  A ball python (D:1)
  2 endoplasms (D:1)
  2 hobgoblins (D:1)
  3 quokkas
  A bat (D:1)
  2 frilled lizards (D:1)
  2 goblins
  2 kobolds (D:1)
  2 rats (D:1)
17 creatures vanquished.

Notes
Turn   | Place    | Note
-------+----------+-------------------------------------------
     0 | D:1      | cheesebisquit the Merfolk Ice Elementalist began the quest
                  | for the Orb.
     0 | D:1      | Reached XP level 1. HP: 13/13 MP: 3/3
   379 | D:1      | Reached XP level 2. HP: 19/19 MP: 0/5
  1148 | D:2      | Slain by a hobgoblin

Illustrated notes

Levels and vault maps discovered:
D:1:      dpeg_arrival_three_bigger_balls, layout_loops_corners
D:2:      minmay_spotlight, layout_loops_cross, minmay_misc_feat_columns,
          uniq_natasha

Action                     || total
---------------------------++-------
  Melee: Unarmed           ||     9
         Whip              ||     5
   Cast: Freeze            ||    25
    Use: Potion            ||     1
 Armour: Robe              ||     3
  Dodge: Dodged            ||    13

Table legend: (Time is in decaauts)
 A = Elapsed time spent in this place.
 B = Non-inter-level travel time spent in this place.
 C = Inter-level travel time spent in this place.
 D = Time resting spent in this place.
 E = Time spent auto-exploring this place.
 F = Levels seen in this place.
 G = Mean time per level.
                   A        B        C        D        E       F      G
               +--------+--------+--------+--------+--------+-----+--------+
         Total |   1147 |   1113 |     34 |      0 |   1010 |   2 |  573.5 |
       Dungeon |   1147 |   1113 |     34 |      0 |   1010 |   2 |  573.5 |
               +--------+--------+--------+--------+--------+-----+--------+

Top non-repeatable levels by time:
     D:1: 1115 daAuts
     D:2: 32 daAuts
